 Dungeon Crawl Stone Soup version 0.17-a0-1056-g838d5c0 (webtiles) character file.

15535 wotan the Grappler (level 12, -3/89 HPs)
             Began as a Ghoul Monk on May 16, 2015.
             Was the Champion of Cheibriados.
             Slain by a blink frog (7 damage)
             ... on level 3 of the Lair of Beasts.
             The game lasted 00:51:15 (9657 turns).

wotan the Grappler (Ghoul Monk)                     Turns: 9657, Time: 00:51:16

Health: -3/89      AC: 12    Str: 31    XL:     12   Next: 28%
Magic:  0/12       EV: 19    Int: 20    God:    Cheibriados [******]
Gold:   986        SH:  8    Dex: 32    Spells: 0 memorised, 11 levels left

rFire  + . .     SeeInvis .       - Unarmed
rCold  + . .     Clarity  .     I - +1 scale mail {rF+}
rNeg   + + +     SustAb   +     e - +0 buckler
rPois  ∞         Gourm    .     g - +0 helmet
rElec  .         Spirit   +     t - +1 cloak
rCorr  .         Warding  .     (no gloves)
rMut   .         Stasis   .     (no boots)
MR     .....                    o - amulet of guardian spirit
Stlth  ++........               q - ring of sustain abilities
                                n - +2 ring of dexterity

@: very slightly contaminated, rotting, very slow, not resistant to hostile
enchantments, unstealthy
A: rotting body, claws 1, carnivore 3, cold resistance 1, negative energy
resistance 3, slow healing 1, torment resistance, unbreathing
a: Bend Time, Temporal Distortion, Slouch, Step From Time, Renounce Religion


You were on level 3 of the Lair of Beasts.
You worshipped Cheibriados.
Cheibriados was exalted by your worship.
You were not hungry.

You visited 3 branches of the dungeon, and saw 12 of its levels.

You collected 986 gold pieces.

Inventory:

Missiles
 m - 16 tomahawks (quivered)
Armour
 e - a +0 buckler (worn)
 g - a +0 helmet (worn)
 t - a +1 cloak (worn)
 A - a +0 plate armour
 I - a +1 scale mail of fire resistance (worn)
Jewellery
 n - a +2 ring of dexterity (left claw)
 o - an amulet of guardian spirit (around neck)
 q - a ring of sustain abilities (right claw)
 y - an uncursed amulet of resist corrosion
 B - an uncursed ring of magical power
 H - an uncursed ring of wizardry
Magical devices
 h - a wand of draining (15)
 v - a wand of flame (16)
 D - a wand of heal wounds (8)
 F - a wand of draining (8)
Scrolls
 c - 3 scrolls of fog
 i - 2 scrolls of teleportation
 l - 3 scrolls of enchant weapon
 r - 3 scrolls of remove curse
 w - 3 scrolls of enchant armour
 J - 2 scrolls of recharging
Potions
 p - 2 potions of resistance
 u - 2 potions of flight
 x - 5 potions of magic
 z - a potion of curing {unknown}
 G - 2 potions of invisibility
Books
 j - a book of Unlife

   Spells                             Type                      Level
   a - Recall                         Summoning/Translocation      3
   b - Animate Dead                   Necromancy                   4
   c - Control Undead                 Necromancy                   4
   d - Cigotuvi's Embrace             Necromancy                   5
   e - Death Channel                  Necromancy                   6
   f - Simulacrum                     Ice/Necromancy               6
 s - a book of Flames

   Spells                             Type                      Level
   a - Flame Tongue                   Conjuration/Fire             1
   b - Throw Flame                    Conjuration/Fire             2
   c - Conjure Flame                  Conjuration/Fire             3
   d - Inner Flame                    Hexes/Fire                   3
   e - Sticky Flame                   Conjuration/Fire             4
   f - Fireball                       Conjuration/Fire             5
 C - a book of Control

   Spells                             Type                      Level
   a - Control Teleport               Charms/Translocation         4
   b - Control Undead                 Necromancy                   4
   c - Metabolic Englaciation         Hexes/Ice                    5
   d - Mass Confusion                 Hexes                        6
Comestibles
 b - 4 meat rations
 d - 20 chunks of flesh
 f - a slice of pizza
 k - 3 beef jerkies


   Skills:
 - Level 3.4 Fighting
 - Level 6.1 Armour
 + Level 11.3 Dodging
 - Level 2.2 Stealth
 + Level 8.0 Shields
 - Level 12.2 Unarmed Combat
 + Level 2.1 Invocations


You had 11 spell levels left.
You didn't know any spells.

Dungeon Overview and Level Annotations

Branches:
Dungeon (8/15)             Temple (1/1) D:7            Lair (3/8) D:8
  Snake (0/4) Lair:3
  Swamp: Lair:3-6    Shoals: Lair:3-6

Altars:
Ashenzari
Cheibriados
Dithmenos
Elyvilon
Fedhas
Gozag
Kikubaaqudgha
Nemelex Xobeh
Okawaru
Ru
Sif Muna
Trog
Vehumet
Xom
Yredelemnul
Zin
The Shining One

Shops:
D:6 [   D:7 }


Innate Abilities, Weirdness & Mutations

Your body is rotting away.
You thrive on raw meat.
You are immune to poison.
You have sharp fingernails.
You are carnivorous and can eat meat at any time.
Your flesh is cold resistant.
You are immune to negative energy.
You heal slowly when monsters are visible.
You are immune to unholy pain and torment.
You can survive without breathing.


Message History

The spiny frog misses you. The blink frog barely misses you.
The blink frog blinks!
The giant frog closely misses you.
The blink frog blinks!
You block the blink frog's attack. You block the giant frog's attack.
The blink frog hits you.
* * * LOW HITPOINT WARNING * * *
The blink frog blinks!
The spiny frog stings you!
* * * LOW HITPOINT WARNING * * *
The blink frog hits you!
* * * LOW HITPOINT WARNING * * *
You block the giant frog's attack.
Read which item? (? for menu, Esc to quit)
Blink to where?
Press: ? - help, Dir - move target cursor You are very lightly contaminated with residual magic.
As you read the scroll of blinking, it crumbles to dust.
You block the blink frog's attack. The blink frog hits you.
* * * LOW HITPOINT WARNING * * *
The blink frog hits you!
You die...

...)#≈♣♣...♣≈≈#..#.#
###.)....>....÷...##
###≈÷♣...♣≈♣#..##
#)♣♣♣.♣♣.♣#..#
#≈P≈..♣≈P≈#..######..
##≈P≈.♣≈♣##..........
####.####...........
#....#.............
P###.#..#....@...#..#.
.....#..#...FF...# ##
#...........F§...##
###..#..........F.#
###..............#.#
P#P...................
..............##.###.#
.............F.### #
.............FP#


You could see a spiny frog, 3 blink frogs and a giant frog.

Vanquished Creatures
  A hydra (Lair:2)
  8 elephants (Lair:3)
  3 spiny frogs
  A black mamba (Lair:2)
  5 komodo dragons
  A fire drake (Lair:3)
  Grinder (D:3)
  5 blink frogs
  A wyvern (Lair:1)
  3 hippogriffs
  12 yaks
  A basilisk (Lair:3)
  3 nagas (Lair:3)
  Duvessa (D:6)
  9 porcupines
  6 orc warriors
  An ice beast (D:7)
  2 sky beasts
  A wasp (D:8)
  An eye of draining (D:8)
  5 water moccasins
  A phantom (D:8)
  2 centaurs
  3 ogres
  4 crocodiles
  A wyvern zombie (D:6)
  6 giant frogs
  Dowan (D:6)
  3 scorpions
  6 killer bees
  5 crimson imps
  2 jellies
  5 orc priests
  A hound (D:8)
  6 orc wizards
  A giant frog skeleton (D:7)
  13 iguanas
  4 worker ants
  7 sheep (Lair:3)
  2 worker ant zombies (D:8)
  4 adders
  3 gnolls (D:7)
  2 shadow imps
  2 oozes
  3 adder skeletons
  4 giant geckos
  29 orcs
  8 goblins
  15 hobgoblins
  10 kobolds
  7 quokkas
  4 ball pythons
  11 bats
  2 giant cockroaches
  A giant gecko skeleton (D:4)
  4 giant newts
  15 rats
268 creatures vanquished.

Vanquished Creatures (others)
  18 fungi
  3 plants (Lair:3)
21 creatures vanquished.

Grand Total: 289 creatures vanquished

Notes
Turn   | Place    | Note
--------------------------------------------------------------
     0 | D:1      | wotan the Ghoul Monk began the quest for the Orb.
     0 | D:1      | Reached XP level 1. HP: 19/19 MP: 0/0
   135 | D:1      | Reached XP level 2. HP: 23/26 MP: 1/1
   549 | D:1      | Reached skill level 5 in Unarmed Combat
   821 | D:2      | Reached XP level 3. HP: 29/29 MP: 2/2
  1496 | D:3      | Noticed Grinder
  1499 | D:3      | Found a deep blue altar of Sif Muna.
  1511 | D:3      | Paralysed by Grinder for 7 turns
  1523 | D:3      | Killed Grinder
  1523 | D:3      | Reached skill level 7 in Unarmed Combat
  1523 | D:3      | Reached XP level 4. HP: 31/38 MP: 3/3
  1523 | D:3      | Reached XP level 5. HP: 36/45 MP: 4/4
  1523 | D:3      | Reached XP level 6. HP: 40/51 MP: 5/5
  1791 | D:3      | Found a blossoming altar of Fedhas.
  2292 | D:4      | Found a sparkling altar of Nemelex Xobeh.
  2863 | D:5      | Entered Level 5 of the Dungeon
  2906 | D:5      | Found a snail-covered altar of Cheibriados.
  2913 | D:5      | Became a worshipper of Cheibriados the Contemplative
  2913 | D:5      | Acquired Cheibriados's first power
  2938 | D:5      | Reached skill level 8 in Unarmed Combat
  2947 | D:5      | Reached skill level 1 in Armour
  3016 | D:5      | Reached XP level 7. HP: 56/56 MP: 6/6
  3193 | D:5      | Reached skill level 9 in Unarmed Combat
  3279 | D:5      | Found a radiant altar of Vehumet.
  3714 | D:6      | Acquired Cheibriados's second power
  3847 | D:6      | Noticed Dowan
  4171 | D:7      | Reached XP level 8. HP: 49/62 MP: 7/7
  4213 | D:7      | Reached skill level 10 in Unarmed Combat
  4225 | D:7      | Found a staircase to the Ecumenical Temple.
  4301 | Temple   | Entered the Ecumenical Temple
  5027 | D:7      | Reached skill level 11 in Unarmed Combat
  5030 | D:7      | Acquired Cheibriados's third power
  5085 | D:7      | Found Cogeced's Gadget Boutique.
  5096 | D:7      | Found an ancient bone altar of Kikubaaqudgha.
  5233 | D:6      | Noticed Duvessa
  5238 | D:6      | Killed Duvessa
  5238 | D:6      | Reached XP level 9. HP: 65/70 MP: 8/8
  5245 | D:6      | Killed Dowan
  5535 | D:6      | Found Resal's Armour Emporium.
  5637 | D:6      | Found a bloodstained altar of Trog.
  5639 | D:6      | Reached skill level 5 in Armour
  5650 | D:6      | Found an opulent altar of Gozag.
  5893 | D:6      | Found a glowing golden altar of the Shining One.
  6117 | D:8      | Found a glowing golden altar of the Shining One.
  6198 | D:8      | Acquired Cheibriados's fourth power
  6354 | D:8      | Noticed a wandering mushroom
  6397 | D:8      | Found a staircase to the Lair.
  6488 | D:8      | Reached skill level 5 in Dodging
  6530 | D:8      | Noticed a wandering mushroom
  6595 | D:8      | Found a sacrificial altar of Ru.
  6605 | D:8      | Reached skill level 12 in Unarmed Combat
  6759 | D:8      | Reached XP level 10. HP: 50/77 MP: 7/9
  7045 | Lair:1   | Entered Level 1 of the Lair of Beasts
  7050 | Lair:1   | Reached skill level 1 in Shields
  7714 | Lair:1   | Reached XP level 11. HP: 59/82 MP: 7/10
  8117 | Lair:2   | Reached skill level 5 in Shields
  8280 | Lair:2   | Noticed a seven-headed hydra
  8294 | Lair:2   | Killed a seven-headed hydra
  8306 | Lair:2   | Reached skill level 10 in Dodging
  9339 | Lair:3   | Reached XP level 12. HP: 89/89 MP: 11/11
  9354 | Lair:3   | Reached skill level 1 in Invocations
  9386 | Lair:3   | Noticed a six-headed hydra
  9461 | Lair:3   | Found a staircase to the Snake Pit.
  9657 | Lair:3   | HP: 4/89 [blink frog (4)]
  9657 | Lair:3   | Slain by a blink frog

Vault maps used:
D:1:      minmay_arrival_hallway
D:3:      led_sif_book, fedhas_altar_2, first_bread, uniq_grinder
D:4:      lemuel_coloured_pillars_altar
D:5:      lemuel_doored_altar, cheibriados_altar_1, minmay_misc_feat_pillars,
          minmay_misc_feat_diagonals, grunt_ministairs_3,
          kennysheep_another_room
D:6:      grunt_temple_overflow_open, serial_shops, nicolae_shop_crystal,
          tso_altar, uniq_duvessa
D:7:      kennysheep_mini, minmay_temple_entry_large_hall, serial_shops,
          nicolae_shop_behind_doors
D:8:      minmay_goldmine, lemuel_round_altar, nicolae_overflow_crystal_walls,
          dpeg_oklobed_lair
Temple:   temple_island_7
Lair:1:   st_stairs_5, grunt_megastairs_2
Lair:2:   serial_bayou_shore_b, bh_autumn_forest_stairs, serial_bayou_shore_b,
          grunt_megastairs_3
Lair:3:   mu_elephants_graveyard, guppyfry_snake_entry_garden

Action                   |  1- 3 |  4- 6 |  7- 9 | 10-12 || total
-------------------------+-------+-------+-------+-------++-------
Melee: Unarmed           |   107 |    85 |   322 |   440 ||   954
Invok: Bend Time         |       |       |       |     1 ||     1
  Use: Scroll            |     6 |     9 |     8 |     4 ||    27
       Potion            |       |       |     2 |     2 ||     4
 Stab: Sleeping          |       |     4 |     3 |     1 ||     8
       Distracted        |       |     1 |       |       ||     1
  Eat: Chunk             |     6 |     1 |    15 |    16 ||    38
